 Dungeon Crawl Stone Soup version 0.30.0-19-g36f170ea60 (webtiles) character file.

Game seed: 12038720701549697287

29869 Peloso the Carver (level 13, 0/117 HPs)
             Began as a Minotaur Fighter on May 26, 2023.
             Was a High Priest of Okawaru.
             Shot with a bolt by an orc knight (15 damage)
             ... on level 2 of the Orcish Mines.
             The game lasted 00:40:43 (17661 turns).

Peloso the Carver (Minotaur Fighter)               Turns: 17661, Time: 00:40:46

Health: 0/117      AC: 19    Str: 23    XL:     13   Next: 17%
Magic:  13/13      EV: 12    Int:  5    God:    Okawaru [*****.]
Gold:   928        SH: 11    Dex: 19    Spells: 12/12 levels left

rFire   . . .        a - +6 scimitar "Wouditecho" {drain, Dex+2}
rCold   + . .        d - +3 warlock's mirror {omnireflect}
rNeg    . . .        n - +2 chain mail {rC+}
rPois   +            (helmet restricted)
rElec   .            z - +1 cloak {rPois}
rCorr   .            (no gloves)
SInv    +            y - +0 pair of boots
Will    +....        (no amulet) Stlth
                     j - ring of Qazlal's Castigation {Will+ Dex+4}
HPRegen 0.39/turn    r - ring of see invisible
MPRegen 0.13/turn

%: reflection
@: no status effects
A: horns 2, retaliatory headbutt
a: Renounce Religion, Heroism, Finesse, Duel


You were on level 2 of the Orcish Mines.
You worshipped Okawaru.
Okawaru was extremely pleased with you.
You visited 4 branches of the dungeon, and saw 16 of its levels.
You also visited: Ossuary.

You collected 1278 gold pieces.
You spent 350 gold pieces at shops.

Inventory:

Hand Weapons
 a - the +6 scimitar "Wouditecho" (weapon) {drain, Dex+2}
   (Okawaru gifted it to you on level 1 of the Lair of Beasts)

   Dex:       It affects your dexterity (+2).
 b - a +2 vampiric demon blade
 c - a +0 spear of flaming
Armour
 d - the +3 warlock's mirror (worn) {omnireflect}
   (You acquired it on level 2 of the Dungeon)

   Omnireflect: It can block and reflect piercing ranged attacks and magical
   attacks against the wielder's willpower.
 n - a +2 chain mail of cold resistance (worn)
 y - a +0 pair of boots (worn)
 z - a +1 cloak of poison resistance (worn)
Jewellery
 g - a ring of positive energy
 j - the ring of Qazlal's Castigation (left hand) {Will+ Dex+4}
   (You found it on level 8 of the Dungeon)

   [ring of willpower]

   Dex:       It affects your dexterity (+4).
   Will:      It increases your willpower.
 o - a ring of positive energy
 p - an amulet of faith
 q - a ring of flight
 r - a ring of see invisible (right hand)
 t - a ring of poison resistance
 A - a +6 ring of dexterity
Wands
 i - a wand of roots (6)
 C - a wand of digging (4)
Scrolls
 h - 2 scrolls of magic mapping
 k - a scroll of fog
 u - a scroll of summoning
 v - 2 scrolls of immolation
 G - a scroll of silence
 K - a scroll of teleportation
 N - a scroll of poison
Potions
 e - 3 potions of might
 f - 3 potions of invisibility
 l - 2 potions of haste
 m - a potion of resistance {unknown}
 s - 5 potions of curing
 x - a potion of brilliance
 B - 2 potions of heal wounds
 H - 4 potions of flight {unknown}
 L - a potion of magic {unknown}
Miscellaneous
 w - a lightning rod (4/4)


   Skills:
 + Level 11.9 Fighting
 + Level 14.6 Long Blades
 + Level 1.7 Polearms
 + Level 13.9 Armour
 + Level 5.3 Dodging
 + Level 2.9 Stealth
 + Level 12.4 Shields
 + Level 2.4 Invocations
 + Level 1.0 Evocations


You had 12 spell levels left.
You didn't know any spells.
Your spell library contained the following spells:

 Spells                   Type           Power      Damage    Failure   Level
 Sting                    Tmut/Pois      0%         1d3       93%         1
 Ensorcelled Hibernation  Hex/Ice        0%         N/A       98%         2
 Passwall                 Tmut/Erth      0%         N/A       98%         2
 Poisonous Vapours        Pois/Air       0%         N/A       98%         2
 Stone Arrow              Conj/Erth      0%         3d7       100%        3
 Swiftness                Air            0%         N/A       100%        3
 Leda's Liquefaction      Hex/Erth       0%         N/A       100%        4
 Olgreb's Toxic Radiance  Pois           0%         N/A       100%        4
 Lee's Rapid Deconstruct  Erth           0%         3d4*      100%        5
 Statue Form              Tmut/Erth      0%         N/A       100%        6
 Orb of Destruction       Conj           0%         9d5       100%        7
 Lehudib's Crystal Spear  Conj/Erth      0%         10d2      100%        8
 Summon Guardian Golem    Hex/Summ       Unusable   N/A       N/A         3
 Animate Armour           Summ/Erth      Unusable   N/A       N/A         4
 Spellforged Servitor     Conj/Summ      Unusable   N/A       N/A         7

Dungeon Overview and Level Annotations

Branches:
Dungeon (11/15)            Temple (1/1) D:5            Lair (2/5) D:10
 Shoals (0/4) Lair:2       Spider (0/4) Lair:2          Orc (2/2) D:9
    Elf (0/3) Orc:2       Ossuary (visited)

Altars:
Ashenzari
Cheibriados
Dithmenos
Elyvilon
Fedhas
Gozag
Hepliaklqana
Kikubaaqudgha
Makhleb
Nemelex Xobeh
Okawaru
Qazlal
Ru
Sif Muna
Trog
Uskayaw
Vehumet
Wu Jian
Xom
Yredelemnul
Zin
The Shining One

Shops:
D:4 ?   D:9 (   Orc:2 **(


Innate Abilities, Weirdness & Mutations

You have a pair of horns on your head.
You reflexively headbutt those who attack you in melee.


Message History

The orc warrior is heavily wounded.
The orc shoots a bolt.
The bolt hits you but does no damage. You block the orc warrior's attack.
The orc warrior hits you with a +0 scimitar!
You hit the orc warrior but do no damage.
You headbutt the orc warrior!
The orc warrior is almost dead.
The orc shoots a bolt.
You block the bolt with your +3 warlock's mirror {omnireflect}... and reflect it back!
The bolt hits the orc.
The orc knight roars a battlecry!
The orcs go into a battle-frenzy!
An orc comes into view. It is wielding a +0 arbalest.
The orc warrior hits you with a +0 flail!
The orc shouts!
You hit the orc warrior. You drain the orc warrior.
The orc warrior is lightly wounded.
Unknown command.
You barely miss the orc warrior.
You headbutt the orc warrior, but do no damage.
The orc warrior is lightly wounded.
The orc warrior no longer looks unusually strong.
The orc no longer looks unusually strong.
The orc warrior hits you with a +0 vampiric long sword.
Unknown command.
The orc warrior no longer looks unusually strong.
The orc knight shoots a bolt.
You block the bolt with your +3 warlock's mirror {omnireflect}... and reflect it back!
The bolt barely misses the orc knight.
The bolt hits the orc knight!!
The orc knight shoots a bolt.
The bolt hits you!
* * * LOW HITPOINT WARNING * * *
The orc warrior hits you but does no damage.
The orc warrior shoots a bolt.
The bolt hits you but does no damage.
The air fills with toxic fumes!
As you read the scroll of poison, it crumbles to dust.
Something unseen opens the door.
The orc warrior hits you with a +0 mace!!
* * * LOW HITPOINT WARNING * * *
The orc knight shoots a bolt.
The bolt hits you!
You die...

############
#####§#§#.##.#.##
##§##§§§§.........
#.§§§§§§§.........
###§§§§§§§.........
##§#§§§§§§§$........
##§o@o§§#...§........
#§§o#§§§§§§§.........
##§oo§§§§§§#.........
##§.§§§§§§§....§§... .
##.oo§#§#§..§......
..#..o§§'∩§o#........
...$.§oo#'#§.).......
......§§§§...§..o.....
#..............§.)).....


You could see 3 orc knights, 4 orc warriors and 3 orcs.

Vanquished Creatures
  A hydra (D:8)
  2 boulder beetles
  2 two-headed ogres
  A tengu warrior (D:9)
  Urug (Orc:2)
  8 skeletal warriors
  2 orc sorcerers
  A merfolk siren (Lair:2)
  3 elephants (Lair:1)
  Maurice (Orc:2)
  4 cane toads
  A kobold demonologist (D:10)
  3 komodo dragons
  2 unseen horror zombies (D:10)
  3 trolls (D:9)
  Grinder (D:4)
  4 blink frogs (Lair:1)
  2 hornets
  5 culicivoras (Lair:2)
  A wraith (D:10)
  5 shadows
  5 vampires (D:10)
  A basilisk (Lair:2)
  15 yaks
  4 wyverns
  2 steam dragons
  3 vampire mosquitoes
  2 acid dragons (D:9)
  Edmund (D:4)
  7 water moccasins
  11 orc warriors
  2 ice beasts
  2 ogres
  10 centaurs
  3 kobold brigands
  Blork the orc (D:4)
  A bullfrog (D:8)
  A gnoll sergeant (D:8)
  7 wights
  14 killer bees
  6 howler monkeys
  6 electric eels (D:9)
  8 centaur zombies
  4 hounds
  A human zombie (Ossuary)
  11 orc priests
  6 iguanas
  16 orc wizards
  Ijyb (D:2)
  A sleepcap (D:6)
  Natasha (twice) (D:2)
  5 mummies
  Robin (D:2)
  8 gnolls
  6 adders
  2 white imps
  A worm (D:5)
  6 dart slugs
  41 orcs
  12 ball pythons
  10 endoplasms
  5 giant cockroaches
  20 goblins
  11 hobgoblins
  6 quokkas
  7 bats
  6 frilled lizards
  A goblin zombie (Ossuary)
  4 hobgoblin zombies
  12 kobolds
  4 kobold zombies
  An orc zombie (Ossuary)
  6 rats
382 creatures vanquished.

Vanquished Creatures (others)
  An orc priest (D:7)
1 creature vanquished.

Grand Total: 383 creatures vanquished

Notes
Turn   | Place    | Note
-------+----------+-------------------------------------------
     0 | D:1      | Peloso the Minotaur Fighter began the quest for the Orb.
     0 | D:1      | Reached XP level 1. HP: 19/19 MP: 0/0
    92 | D:1      | Reached XP level 2. HP: 19/27 MP: 1/1
   347 | D:1      | Reached skill level 3 in Long Blades
   375 | D:1      | Reached XP level 3. HP: 30/33 MP: 2/2
   888 | D:2      | Noticed Ijyb
   912 | D:2      | Reached XP level 4. HP: 35/40 MP: 3/3
   919 | D:2      | Killed Ijyb
   965 | D:2      | Reached skill level 4 in Long Blades
   981 | D:2      | Found a shimmering altar of Xom.
  1016 | D:2      | Noticed Robin
  1047 | D:2      | Killed Robin
  1048 | D:2      | Reached skill level 1 in Dodging
  1249 | D:2      | Noticed Natasha
  1255 | D:2      | Killed Natasha
  1256 | D:2      | Reached XP level 5. HP: 45/47 MP: 4/4
  1265 | D:2      | Noticed Natasha
  1274 | D:2      | Killed Natasha
  1789 | D:2      | Identified a scroll of acquirement
  1789 | D:2      | Acquired the +3 warlock's mirror {omnireflect}
  1789 | D:2      | Found the +3 warlock's mirror {omnireflect}
  1858 | D:2      | Reached skill level 5 in Long Blades
  2004 | D:3      | Found a bloodstained altar of Trog.
  2011 | D:3      | Found a stormy altar of Qazlal.
  2015 | D:3      | Found a sacrificial altar of Ru.
  2016 | D:3      | Found a blossoming altar of Fedhas.
  2025 | D:3      | Found a basalt altar of Yredelemnul.
  2266 | D:3      | Reached XP level 6. HP: 44/55 MP: 5/5
  2393 | D:4      | Reached skill level 5 in Armour
  2397 | D:4      | Reached skill level 5 in Shields
  2594 | D:4      | Found Kunizu's Magic Scroll Shoppe.
  2603 | D:4      | Bought a scroll of magic mapping for 90 gold pieces
  2618 | D:4      | Noticed Blork the orc
  2620 | D:4      | Noticed Grinder
  2626 | D:4      | Killed Blork the orc
  2627 | D:4      | Reached skill level 5 in Fighting
  2637 | D:4      | Killed Grinder
  2638 | D:4      | Reached skill level 6 in Long Blades
  2638 | D:4      | Reached XP level 7. HP: 43/61 MP: 6/6
  2741 | D:4      | Noticed Edmund
  2752 | D:4      | Killed Edmund
  3158 | D:4      | Found an ornate altar of the Wu Jian Council.
  3210 | D:5      | Entered Level 5 of the Dungeon
  3254 | D:5      | Reached skill level 7 in Long Blades
  3267 | D:5      | Reached XP level 8. HP: 63/69 MP: 7/7
  3269 | D:5      | Found a sand-covered staircase.
  3274 | Ossuary  | Entered an ossuary
  4080 | D:5      | Found a staircase to the Ecumenical Temple.
  4086 | Temple   | Entered the Ecumenical Temple
  4091 | Temple   | Became a worshipper of Warmaster Okawaru
  4226 | D:5      | Reached skill level 8 in Long Blades
  4328 | D:6      | Found a broken altar of Ashenzari.
  4698 | D:6      | Reached skill level 1 in Stealth
  5106 | D:6      | Reached * piety under Okawaru
  5516 | D:7      | Reached XP level 9. HP: 78/78 MP: 8/8
  5851 | D:7      | Reached skill level 9 in Long Blades
  6473 | D:8      | Reached skill level 10 in Long Blades
  6742 | D:8      | Reached ** piety under Okawaru
  7229 | D:8      | Found a large runed translucent door.
  7229 | D:8      | Noticed a komodo dragon
  7230 | D:8      | Found a large runed translucent door.
  7239 | D:8      | Found a large runed translucent door.
  7239 | D:8      | Found a large runed translucent door.
  7451 | D:8      | Noticed a two-headed ogre
  7462 | D:8      | Killed a two-headed ogre
  7463 | D:8      | Reached skill level 11 in Long Blades
  7463 | D:8      | Reached XP level 10. HP: 21/86 MP: 6/9
  7764 | D:8      | Noticed a four-headed hydra
  8305 | D:9      | Found Lehajat's Antique Weapon Emporium.
  8321 | D:9      | Reached skill level 10 in Armour
  8638 | D:9      | Found a staircase to the Orcish Mines.
  8649 | D:9      | Reached *** piety under Okawaru
  9575 | D:9      | Noticed a tengu warrior
  9593 | D:9      | Killed a tengu warrior
  9593 | D:9      | Received a gift from Okawaru
  9594 | D:9      | Reached skill level 12 in Long Blades
  9742 | D:9      | Identified the +3 flail of Foolhardiness {speed, SInv}
 10048 | D:10     | Entered Level 10 of the Dungeon
 10178 | D:10     | Reached skill level 1 in Invocations
 10186 | D:10     | Reached XP level 11. HP: 76/95 MP: 11/11
 10333 | D:10     | Reached **** piety under Okawaru
 10334 | D:10     | Reached skill level 1 in Evocations
 10481 | D:10     | Identified the +8 battleaxe "Fiud" {pain, Fly rPois Will++
                  | Int-5}
 10507 | D:10     | Found a staircase to the Lair.
 10860 | D:10     | Reached skill level 10 in Shields
 10864 | D:10     | Reached ***** piety under Okawaru
 11314 | D:8      | Reached skill level 13 in Long Blades
 11327 | D:8      | Identified the ring of Qazlal's Castigation {Will+ Dex+4}
 11367 | D:8      | Killed a four-headed hydra
 11750 | Lair:1   | Entered Level 1 of the Lair of Beasts
 11899 | Lair:1   | Reached skill level 1 in Polearms
 12112 | Lair:1   | Identified the +6 scimitar "Wouditecho" {drain, Dex+2}
                  | (Okawaru gifted it to you on level 1 of the Lair of Beasts)
 12112 | Lair:1   | Received a gift from Okawaru
 12324 | Lair:1   | Reached XP level 12. HP: 82/106 MP: 12/12
 12715 | Lair:1   | Identified the ring "Wozoc" {Fire Will- Dex+4}
 12906 | Lair:1   | Reached skill level 10 in Fighting
 13717 | Lair:2   | Found a transporter.
 13719 | Lair:2   | Found a transporter.
 13720 | Lair:2   | Noticed a boulder beetle
 13949 | Lair:2   | Found a staircase to the Shoals.
 14118 | Lair:2   | Found a hole to the Spider Nest.
 14320 | Lair:2   | Killed a boulder beetle
 14703 | D:11     | Reached skill level 14 in Long Blades
 15874 | D:10     | Reached skill level 5 in Dodging
 16165 | D:11     | Noticed a boulder beetle
 16184 | D:11     | Killed a boulder beetle
 16184 | D:11     | Received a gift from Okawaru
 16659 | Orc:1    | Entered Level 1 of the Orcish Mines
 16667 | Orc:1    | Reached XP level 13. HP: 108/116 MP: 13/13
 16779 | Orc:2    | Entered Level 2 of the Orcish Mines
 16804 | Orc:2    | Found Dowiwk's Antique Weapon Shop.
 16903 | Orc:2    | Noticed Urug
 16921 | Orc:2    | Killed Urug
 17064 | Orc:2    | Found Ehiutuof's Assorted Antiques.
 17195 | Orc:2    | Noticed Maurice
 17207 | Orc:2    | Killed Maurice
 17591 | Orc:2    | Found Masupn's Assorted Antiques.
 17595 | Orc:2    | Bought 2 potions of heal wounds for 260 gold pieces
 17611 | Orc:2    | Identified the +2 chain mail "Neto" {-Cast rPois Str+4}
                  | (Okawaru gifted it to you on level 2 of the Orcish Mines)
 17611 | Orc:2    | Received a gift from Okawaru
 17651 | Orc:2    | Found a staircase to the Elven Halls.
 17661 | Orc:2    | Shot with a bolt by an orc knight

Illustrated notes

Levels and vault maps discovered:
D:1:      dpeg_arrival_simpleton_a, layout_rooms
D:2:      kennysheep_the_goblin_king, layout_basic, basic_altar,
          minmay_misc_feat_chi, uniq_natasha, uniq_robin
D:3:      layout_rooms, nicolae_overflow_hallway_of_the_gods,
          nicolae_concentric_dashed_squares_wild
D:4:      layout_cave_pools, kennysheep_mini_moat, serial_shops, shop,
          hangedman_decor_growths, hangedman_decor_slide_cut,
          hangedman_abyss_or_decor_passed, minmay_mini_ossuary,
          uniq_blork_the_orc, uniq_grinder, uniq_edmund
D:5:      layout_loops_corners, minmay_temple_entry_hall, enter_ossuary_2,
          uniq_ijyb
D:6:      layout_loops_corners, lemuel_crystal_altar
D:7:      layout_loops_ring
D:8:      layout_basic, minmay_hollow_rounded_squares
D:9:      cheibrodos_two_vegetables, layout_loops_ring, orc_0_dummy,
          serial_shops, shop, kennysheep_generic_room_9
D:10:     layout_irregular_city, dpeg_oklobed_lair, serial_undead,
          serial_undead_b, serial_undead_f, serial_undead_d, serial_undead_c,
          serial_undead_d, serial_undead_b, serial_undead_b, serial_undead_d
D:11:     layout_cave_pools
Temple:   minmay_freezing_vapour_temple
Lair:1:   layout_hall_layers
Lair:2:   gammafunk_boulding_lane, layout_small_grid,
          minmay_shoals_entry_lonely_mermaid,
          hellmonk_spider_entry_life_and_decay, minmay_holes,
          infiniplex_staircase_pool
Orc:1:    layout_caves, guppyfry_library_mini, uniq_josephine
Orc:2:    st_orc_rangers, layout_diamond_mine, serial_shops, shop_statue,
          nicolae_shop_behind_doors, shop, basic_altar, mines4_lemuel,
          uniq_maurice, uniq_urug

Skill      XL: |  1  2  3  4  5  6  7  8  9 10 11 12 |
---------------+-------------------------------------+-----
Fighting       | 4 5 6 7 8 9 11 | 11.9
Long Blades    | 3 4 5 6 7 8 11 12 13 14 | 14.6
Armour         | 4 6 8 9 11 12 13 | 13.9
Shields        | 4 5 6 7 9 10 12 | 12.4
Dodging        | 1 2 3 4 5 |  5.3
Stealth        | 1 2 |  2.9
Invocations    | 1 2 |  2.4
Evocations     | 1 |  1.0
Polearms       | 1 |  1.7

Action                     |  1- 3 |  4- 6 |  7- 9 | 10-12 | 13-15 || total
---------------------------+-------+-------+-------+-------+-------++-------
  Melee: Falchion          |    97 |   146 |    43 |       |       ||   286
         Long sword        |     5 |    12 |   293 |   346 |       ||   656
         Headbutt          |    16 |    25 |    65 |   189 |    18 ||   313
         Whip              |       |       |       |    11 |       ||    11
         Spear             |       |       |       |    25 |       ||    25
         Scimitar          |       |       |       |   319 |    84 ||   403
 Invoke: Heroism           |       |       |     2 |    17 |     2 ||    21
  Evoke: Wand              |       |       |       |    12 |       ||    12
    Use: Scroll            |     2 |     8 |     8 |     9 |     3 ||    30
         Potion            |     1 |       |     4 |     3 |       ||     8
   Stab: Fleeing           |       |       |       |     1 |       ||     1
         Petrified         |       |       |       |     3 |       ||     3
 Armour: Scale mail        |    56 |       |       |       |       ||    56
         Chain mail        |    15 |    62 |   125 |   263 |    37 ||   502
  Dodge: Dodged            |    58 |    68 |   100 |   265 |    31 ||   522
  Block: Buckler           |    29 |    62 |   142 |   389 |    76 ||   698
         Reflection        |       |     1 |     6 |    13 |    34 ||    54
